 Dungeon Crawl Stone Soup version 0.24-a0-203-gf0bc1e9 (webtiles) character file.

Game seed: 5038080700350285202

268 Borgoz the Cutter (level 6, 0/37 HPs)
             Began as a Kobold Gladiator on Mar 27, 2019.
             Slain by an adder (4 damage)
             ... in a sewer.
             The game lasted 00:06:59 (3247 turns).

Borgoz the Cutter (Kobold Gladiator)                Turns: 3247, Time: 00:07:00

Health: 0/37       AC:  4    Str: 13      XL:     6   Next: 46%
Magic:  6/6        EV: 14    Int: 10      God:
Gold:   187        SH:  0    Dex: 15 (16) Spells: 5/5 levels left

rFire    . . .     SeeInvis .   a - +2 rapier
rCold    . . .     Gourm    .   (shield restricted)
rNeg     . . .     Faith    .   b - +0 leather armour
rPois    .         Spirit   .   c - +0 helmet
rElec    .         Reflect  .   (no cloak)
rCorr    .         Harm     .   (no gloves)
MR       .....                  (no boots)
Stlth    +.........             (no amulet)
HPRegen  0.12/turn              (no ring)
MPRegen  0.10/turn              (no ring)

@: lethally poisoned (0 -> -3), hasted, constricted, quick
A: small, carnivore
a: no special abilities


You were in a sewer.
You were completely stuffed.

You visited 1 branch of the dungeon, and saw 3 of its levels.
You also visited: Sewer.

You collected 187 gold pieces.

Inventory:

Hand Weapons
 a - a +2 rapier (weapon)
Missiles
 d - 2 throwing nets (quivered)
Armour
 b - a +0 leather armour (worn)
 c - a +0 helmet (worn)
Scrolls
 g - 2 scrolls of remove curse
 m - a scroll of magic mapping {unknown}
 p - a scroll of fear {unknown}
 q - 2 scrolls of blinking {unknown}
 r - a scroll of fog {unknown}
Potions
 e - 3 potions of degeneration
 k - 2 potions of magic
Comestibles
 f - 3 rations
 o - 8 chunks of flesh


   Skills:
 + Level 3.4 Fighting
 + Level 6.1 Short Blades
 + Level 2.3 Throwing
 + Level 1.6 Armour
 + Level 5.0 Dodging
 + Level 1.9 Stealth


You had 5 spell levels left.
You didn't know any spells.
Your spell library was empty.

Dungeon Overview and Level Annotations

Branches:
Dungeon (3/15)

Altars:
Ru
Uskayaw
The Shining One


Innate Abilities, Weirdness & Mutations

You are small and have problems with some larger weapons.
You are carnivorous and can eat meat at any time.


Message History

The bullfrog barely misses you. The ball python closely misses you.
The ball python constricts you. The adder closely misses you.
The adder barely misses you.
You hit the bullfrog.
The bullfrog is moderately wounded.
The ball python closely misses you. The adder bites you.
* * * LOW HITPOINT WARNING * * *
The bullfrog closely misses you. The adder bites you.
* * * LOW HITPOINT WARNING * * *
The ball python bites you but does no damage.
The ball python constricts you. The adder bites you.
* * * LOW HITPOINT WARNING * * *
You closely miss the bullfrog.
The bullfrog is moderately wounded.
* * * LOW HITPOINT WARNING * * *
You feel sick. The adder closely misses you.
The ball python completely misses you. The bullfrog closely misses you.
Your unstable footing causes you to fumble your attack.
The adder bites you.
You die...

#≈≈≈≈≈≈# #≈≈≈≈≈
#≈≈≈≈≈≈# #≈≈≈≈≈
#≈≈≈≈≈≈# #≈≈≈≈≈
#≈≈≈≈≈≈# #≈≈≈≈≈
#≈≈≈≈≈≈# #≈≈≈≈≈
#≈≈≈≈≈≈# #≈≈≈≈≈
#SS≈≈≈≈# #≈≈≈≈≈
#SSF≈≈≈# #≈≈..≈
#S@SS≈≈# #≈≈)(≈
#≈#S≈≈≈# ##..÷.
#≈≈≈≈≈≈# #≈÷≈≈≈
#≈≈≈≈≈≈# #≈≈≈≈≈
#≈≈≈≈≈≈# #≈≈≈≈≈
#≈≈≈≈≈≈# #≈≈≈≈≈
#≈≈≈≈≈≈##### #≈≈≈≈≈
#.≈..≈.##..# ##≈÷≈≈
#......##..###..÷..


You could see a bullfrog, 3 adders and 5 ball pythons.

Vanquished Creatures
  A bullfrog (Sewer)
  8 river rats
  4 adders
  3 oozes
  2 worms
  3 dart slugs
  A leopard gecko (D:1)
  8 ball pythons
  5 giant cockroaches
  7 goblins
  2 hobgoblins (D:1)
  5 jackals
  3 quokkas
  4 bats
  3 frilled lizards (Sewer)
  27 rats
86 creatures vanquished.

Notes
Turn   | Place    | Note
-------+----------+-------------------------------------------
     0 | D:1      | Borgoz the Kobold Gladiator began the quest for the Orb.
     0 | D:1      | Reached XP level 1. HP: 12/12 MP: 1/1
   222 | D:1      | Reached XP level 2. HP: 18/18 MP: 2/2
   953 | D:2      | Reached XP level 3. HP: 17/22 MP: 3/3
  1621 | D:2      | Reached skill level 1 in Stealth
  1621 | D:2      | Reached XP level 4. HP: 27/27 MP: 4/4
  1827 | D:3      | Found a glowing golden altar of the Shining One.
  1827 | D:3      | Found a sacrificial altar of Ru.
  1827 | D:3      | Found a hide-covered altar of Uskayaw.
  1905 | D:3      | Reached skill level 5 in Short Blades
  2031 | D:3      | Reached XP level 5. HP: 15/32 MP: 5/5
  2187 | D:3      | Found a glowing drain.
  2205 | D:3      | Reached skill level 1 in Armour
  2215 | Sewer    | Entered a sewer
  2915 | Sewer    | Reached XP level 6. HP: 18/37 MP: 6/6
  3238 | Sewer    | Reached skill level 6 in Short Blades
  3238 | Sewer    | Reached skill level 5 in Dodging
  3247 | Sewer    | Slain by an adder

Levels and vault maps discovered:
D:1:      onia_arrival_mini_maze, layout_loops_cross, glass_columns_a
D:2:      layout_loops_ring
D:3:      layout_basic, regret_index_temple_of_mockery,
          gammafunk_temple_overflow_forgotten, portal_sewer_entry_e,
          chequers_ecumenical_altar_simple_redux
Sewer:    sewer_minmay_w

Skill      XL: |  1  2  3  4  5  6 |
---------------+-------------------+-----
Dodging        | 4 5 |  5.0
Stealth        | 1 |  1.9
Fighting       | 3 |  3.4
Short Blades   | 5 6 |  6.1
Armour         | 1 |  1.6
Throwing       | |  2.3

Action                   |  1- 3 |  4- 6 || total
-------------------------+-------+-------++-------
Melee: Rapier            |    81 |   272 ||   353
Throw: Throwing net      |       |     1 ||     1
  Use: Potion            |       |     8 ||     8
       Scroll            |       |     7 ||     7
 Stab: Sleeping          |     4 |       ||     4
       Invisible         |       |     3 ||     3
  Eat: Chunk             |    10 |     6 ||    16
Armor: Leather armour    |    13 |    78 ||    91
Dodge: Dodged            |    51 |   351 ||   402

Table legend:
 A = Non-vault XP
 B = Vault XP
 C = Vault XP percentage of total XP
 D = Non-vault monster count
 E = Vault monster count
 F = Vault count percentage of total count
                 A         B        C        D         E       F
            +---------+---------+-------+---------+---------+-------
      Total |     115 |     269 |  70.1 |      39 |      47 |  54.7
            +---------+---------+-------+---------+---------+-------
        D:1 |      25 |       0 |   0.0 |      10 |       0 |   0.0
        D:2 |      59 |       0 |   0.0 |      20 |       0 |   0.0
        D:3 |      31 |      49 |  61.2 |       9 |       8 |  47.1
      Sewer |       0 |     220 | 100.0 |       0 |      39 | 100.0
            +---------+---------+-------+---------+---------+-------
